 Dungeon Crawl Stone Soup version 0.23.2-40-g277498a001 (webtiles) character file.

Game seed: 12403479245187961504

12915 DildoBatman the Blocker (level 12, -1/124 HPs)
             Began as a Formicid Wizard on Sept 11, 2019.
             Was an Elder of Kikubaaqudgha.
             Slain by a cacodemon (9 damage)
             ... in a Gauntlet.
             The game lasted 01:13:37 (12238 turns).

DildoBatman the Blocker (Formicid Wizard)          Turns: 12238, Time: 01:13:37

Health: -1/124     AC: 26    Str: 15      XL:     12   Next: 26%
Magic:  18/18      EV:  2    Int: 31 (34) God:    Kikubaaqudgha [****..]
Gold:   670        SH: 15    Dex:  9      Spells: 8/25 levels left

rFire    . . .     SeeInvis .   I - +3 long sword "Raxuiny" {flame, *Slow Int+7} (curse)
rCold    . . .     Gourm    .   k - +1 shield
rNeg     + + +     Faith    .   (armour currently unavailable)
rPois    +         Spirit   .   (helmet unavailable)
rElec    .         Reflect  +   (cloak currently unavailable)
rCorr    .         Harm     .   (gloves currently unavailable)
MR       ++++.                  (boots currently unavailable)
Stlth    +++.......             g - +4 amulet of reflection
HPRegen  0.30/turn              q - +4 ring of intelligence
MPRegen  0.16/turn              N - ring "Meejya Vimp" {-Tele +Fly rN+ MR+++ Str-2 Stlth+}

@: mighty, tree-form (expiring)
A: permanent stasis, dig shafts and tunnels, four strong arms, blurry vision 1,
deterioration 1, low mp 2
a: Receive Corpses, Renounce Religion


You were in a Gauntlet.
You worshipped Kikubaaqudgha.
Kikubaaqudgha was greatly pleased with you.
You were not hungry.
You were a tree.
You visited 2 branches of the dungeon, and saw 12 of its levels.
You also visited: Gauntlet.

You collected 670 gold pieces.

Inventory:

Hand Weapons
 a - a +5 dagger
 b - a +0 spear
 c - a +2 spear of chaos
 p - a +0 shortbow
 t - a +1 dagger of venom
 I - the cursed +3 long sword "Raxuiny" (weapon) {flame, *Slow Int+7}
   (You found it in a Gauntlet)

   It has been specially enchanted to burn those struck by it, causing extra
   injury to most foes and up to half again as much damage against particularly
   susceptible opponents.
   Big, fiery blades are also staple armaments of hydra-hunters.
   It affects your intelligence (+7).
   It may slow you when you take damage.
   It has a curse placed upon it.
Missiles
 e - 262 stones (quivered)
 f - 233 arrows
 l - 76 sling bullets
 m - 17 poisoned needles
 D - 11 tomahawks
 G - 6 javelins
 K - a throwing net
Armour
 k - a +1 shield (worn)
 u - a +0 cloak (melded)
 M - a +2 troll leather armour (melded)
Magical Staves
 B - an uncursed staff of summoning
 F - an uncursed staff of wizardry
Jewellery
 g - a +4 amulet of reflection (around neck)
 q - a +4 ring of intelligence (left branch)
 r - an uncursed amulet of the acrobat
 N - the ring "Meejya Vimp" (right branch) {-Tele +Fly rN+ MR+++ Str-2 Stlth+}
   (You found it in a Gauntlet)

   [ring of flight]

   It affects your strength (-2).
   It protects you from negative energy.
   It affects your resistance to hostile enchantments.
   It lets you fly.
   It prevents most forms of teleportation.
   It makes you more stealthy.
Wands
 w - a wand of paralysis (3)
 A - a wand of disintegration (9)
Scrolls
 h - a scroll of random uselessness {unknown}
 i - a scroll of fog {unknown}
 j - 4 scrolls of amnesia
 o - 3 scrolls of identify {unknown}
 x - 6 scrolls of remove curse
 y - 3 scrolls of immolation {unknown}
 C - a scroll of noise {unknown}
 J - a scroll of enchant weapon {unknown}
Potions
 d - 2 potions of flight
 s - 2 potions of lignification
 z - 2 potions of mutation
 H - a potion of might
 L - a potion of ambrosia {unknown}
Comestibles
 v - 13 rations


   Skills:
 * Level 3.8 Fighting
 * Level 3.8 Armour
 - Level 3.1 Dodging
 - Level 2.4 Stealth
 - Level 9.0 Shields
 - Level 7.0 Spellcasting
 - Level 6.0 Conjurations
   Level 1.0 Summonings
 - Level 9.0 Necromancy
   Level 0.8 Translocations
 - Level 5.0 Fire Magic
 - Level 5.0 Air Magic
 - Level 6.0 Poison Magic
 * Level 3.9 Evocations


You had 8 spell levels left.
You knew the following spells:

 Your Spells              Type           Power        Failure   Level  Hunger
a - Conjure Flame         Conj/Fire      #####...     1%          3    None
c - Magic Dart            Conj           ####         1%          1    None
d - Vampiric Draining     Necr           ######....   1%          3    None
e - Mephitic Cloud        Conj/Pois/Air  #####...     1%          3    None
h - Dispel Undead         Necr           ######..     3%          5    ####...
z - Sublimation of Blood  Necr           ######....   1%          2    None

Your spell library contained the following spells:

 Spells                   Type           Power        Failure   Level  Hunger
 Animate Skeleton         Necr           N/A          1%          1    None
 Pain                     Necr           ####         1%          1    None
 Animate Dead             Necr           N/A          1%          4    ##.....
 Summon Small Mammal      Summ           ###.         3%          1    None
 Agony                    Necr           ######..     3%          5    ####...
 Call Imp                 Summ           ###.....     4%          2    None
 Slow                     Hex            ##......     7%          2    None
 Call Canine Familiar     Summ           ###.....     9%          3    None
 Summon Guardian Golem    Hex/Summ       ##......     11%         3    None
 Summon Lightning Spire   Summ/Air       ####....     13%         4    ##.....
 Excruciating Wounds      Chrm/Necr      #####.....   19%         5    ####...
 Summon Ice Beast         Ice/Summ       ##......     34%         4    ##.....
 Simulacrum               Ice/Necr       #####.....   71%         6    ######.
 Blink                    Tloc           Unusable     N/A         2    N/A

Dungeon Overview and Level Annotations

Branches:
Dungeon (11/15)            Temple (1/1) D:7            Lair (0/6) D:8
    Orc (0/2) D:11

Altars:
Ashenzari
Cheibriados
Dithmenos
Elyvilon
Fedhas
Gozag
Hepliaklqana
Kikubaaqudgha
Makhleb
Nemelex Xobeh
Okawaru
Qazlal
Ru
Sif Muna
Trog
Uskayaw
Vehumet
Wu Jian
Xom
Yredelemnul
Zin
The Shining One

Shops:
D:5 =

Annotations:
Gauntlet 10 transporters, 1 runed translucent door


Innate Abilities, Weirdness & Mutations

You cannot be hasted, slowed, berserked, paralysed or teleported.
You can dig through walls and to a lower floor.
Your four strong arms can wield two-handed weapons with a shield.
((You have a pair of large antennae on your head. (SInv)))
((You are partially covered in large bone plates. (SH +4)))
Scrolls take you a little longer to read.
Your body sometimes deteriorates upon taking damage.
Your magical capacity is very low. (-20% MP)


Message History

The bolt of energy hits you!!
Your body deteriorates!
You feel dopey.
Aiming: Disintegrate
Press: ? - help, Shift-Dir - straight line, f/p - cacodemon
Aim: a cacodemon (lightly wounded, chance to defeat MR: 0%)
The cacodemon resists with almost no effort.
You block the cacodemon's attack. x2
Your larval oxbat beast hits the cacodemon.
Your larval oxbat beast closely misses the cacodemon.
You hit the cacodemon. You burn the cacodemon.
The cacodemon is lightly wounded.
Your larval oxbat beast barely misses the cacodemon.
Your larval oxbat beast tramples the cacodemon but does no damage.
The cacodemon hits you! You block the cacodemon's attack.
The cacodemon hits you!
You die...
Kikubaaqudgha rasps: "You have failed me!
Welcome... death!"

#≈...###########...............§
##.....................8.....8.#
##.8.....8.....8...............
#≈...............###########...
##...#########...#.^.......#...
#≈...###...###...#.##..^##.#...
##§..###...#######..##.##.)#...
#§§..#..##'.##...#...#.#..?#...
##§8©#..#©#.©#♣8H#....©#..©#.8.
#≈...#..+##.##2..#...#.#...#...
##...###...#######..##.##^"#...
#≈...###...###...#.##..^##.#...
##...#########...#.........#...
#≈...............###########...
##.8.....8.....8...............
#≈....................8......8.
##≈#≈#≈#≈#≈#≈#≈#...§..§........


You could see a cacodemon and a friendly larval oxbat beast.

Vanquished Creatures
  5 two-headed ogres
  An unseen horror (D:10)
  A cyclops (D:9)
  2 trolls (D:9)
  A queen bee (D:8)
  3 hippogriffs
  8 yaks (D:10)
  A wraith (D:10)
  A wyvern (D:8)
  Eustachio (D:3)
  A neqoxec (Gauntlet)
  A steam dragon (D:8)
  A hungry ghost (D:10)
  2 wargs (D:11)
  A water moccasin (D:10)
  Duvessa (D:7)
  An ice beast (D:5)
  4 orc warriors
  A sky beast (D:7)
  3 necrophages
  6 ogres
  A phantom (D:11)
  A hornet zombie (D:8)
  A black bear (Temple)
  3 centaurs
  A crocodile (D:8)
  2 big kobolds
  5 bullfrogs
  A water moccasin zombie (D:11)
  Dowan (D:7)
  3 scorpions
  12 killer bees (D:8)
  10 wights
  4 howler monkeys
  An electric eel (D:8)
  2 crimson imps
  2 centaur zombies
  2 jellies
  5 orc priests
  3 bullfrog skeletons
  7 hounds
  4 centaur skeletons
  Jessica (D:2)
  5 iguanas
  Ijyb (D:3)
  6 worker ants
  19 orc wizards
  2 killer bee zombies
  A hound skeleton (D:6)
  2 worker ant zombies
  A howler monkey skeleton (D:9)
  8 gnolls
  6 adders
  2 shadow imps
  6 oozes
  An adder skeleton (D:5)
  2 worms
  5 dart slugs
  8 leopard geckos
  42 orcs
  2 ball pythons
  8 bats
  4 giant cockroaches
  4 goblins
  7 hobgoblins
  6 jackals
  10 kobolds
  5 quokkas
  A ball python skeleton (D:4)
  2 frilled lizards (D:1)
  A quokka zombie (D:6)
  4 rats
289 creatures vanquished.

Vanquished Creatures (collateral kills)
  A scorpion (D:8)
  An orc wizard (D:6)
2 creatures vanquished.

Vanquished Creatures (others)
  A scorpion (D:8)
  A lava snake (D:10)
  A worker ant (D:6)
  6 plants (D:8)
9 creatures vanquished.

Grand Total: 300 creatures vanquished

Notes
Turn   | Place    | Note
-------+----------+-------------------------------------------
     0 | D:1      | DildoBatman the Formicid Wizard began the quest for the
                  | Orb.
     0 | D:1      | Reached XP level 1. HP: 13/13 MP: 4/4
    13 | D:1      | Reached skill level 1 in Conjurations
   204 | D:1      | Reached XP level 2. HP: 10/19 MP: 1/6
   577 | D:1      | Reached XP level 3. HP: 24/24 MP: 0/7
   582 | D:1      | Learned a level 3 spell: Conjure Flame
   586 | D:1      | Learned a level 3 spell: Mephitic Cloud
   736 | D:1      | Found a sparkling altar of Nemelex Xobeh.
  1229 | D:2      | Reached XP level 4. HP: 30/30 MP: 4/8
  1505 | D:2      | Noticed Jessica
  1751 | D:2      | Reached XP level 5. HP: 23/35 MP: 3/9
  1920 | D:2      | Found a faded altar of an unknown god.
  2324 | D:3      | Found a shimmering altar of Xom.
  2658 | D:3      | Found a shadowy altar of Dithmenos.
  2921 | D:4      | Reached XP level 6. HP: 41/41 MP: 6/10
  2930 | D:4      | Reached skill level 5 in Conjurations
  3061 | D:4      | Found a stormy altar of Qazlal.
  3067 | D:4      | Found an opulent altar of Gozag.
  3128 | D:4      | Noticed Eustachio
  3288 | D:4      | Noticed Ijyb
  3693 | D:5      | Entered Level 5 of the Dungeon
  3705 | D:5      | Reached skill level 1 in Poison Magic
  3710 | D:5      | Reached skill level 1 in Fire Magic
  3733 | D:5      | Found Jivaff's Jewellery Boutique.
  3755 | D:5      | Noticed a necrophage
  3804 | D:5      | Killed a necrophage
  3804 | D:5      | Reached skill level 1 in Air Magic
  3804 | D:5      | Reached XP level 7. HP: 33/46 MP: 2/11
  4221 | D:5      | Reached XP level 8. HP: 11/52 MP: 1/12
  4531 | D:5      | Found a white marble altar of Elyvilon.
  4987 | D:5      | Reached skill level 5 in Poison Magic
  5497 | D:7      | Found a staircase to the Ecumenical Temple.
  5500 | D:7      | Noticed Duvessa
  5503 | D:7      | Noticed Dowan
  5505 | Temple   | Entered the Ecumenical Temple
  5776 | D:7      | Found a bloodstained altar of Trog.
  5837 | D:6      | Reached XP level 9. HP: 9/57 MP: 1/13
  6071 | D:6      | Found a deep blue altar of Sif Muna.
  6111 | D:6      | Found an ancient bone altar of Kikubaaqudgha.
  6116 | D:6      | Identified Kikubaaqudgha's Catalogue of Dark Magic
  6117 | D:6      | Became a worshipper of Kikubaaqudgha
  6142 | D:6      | Reached skill level 5 in Fire Magic
  6472 | D:6      | Reached skill level 5 in Air Magic
  6841 | D:6      | Found a radiant altar of Vehumet.
  6952 | D:3      | Killed Ijyb
  6972 | D:3      | Killed Eustachio
  7025 | D:2      | Killed Jessica
  7253 | D:6      | Reached skill level 5 in Spellcasting
  7529 | D:7      | Reached * piety under Kikubaaqudgha
  7529 | D:7      | Identified Kikubaaqudgha's Reference Book on Necromancy
                  | (Kikubaaqudgha gifted it to you on level 7 of the Dungeon)
  7529 | D:7      | Received a gift from Kikubaaqudgha
  7709 | D:7      | Reached XP level 10. HP: 33/63 MP: 12/20
  7765 | D:7      | Killed Duvessa
  7765 | D:7      | Reached skill level 1 in Necromancy
  7773 | D:7      | Killed Dowan
  8267 | D:8      | Noticed a two-headed ogre
  8324 | D:7      | Learned a level 3 spell: Vampiric Draining
  8327 | D:7      | Learned a level 2 spell: Sublimation of Blood
  8353 | D:8      | Reached skill level 5 in Necromancy
  8369 | D:8      | Found a staircase to the Lair.
  8445 | D:8      | Reached ** piety under Kikubaaqudgha
  8930 | D:8      | Killed a two-headed ogre
  8930 | D:8      | Reached XP level 11. HP: 68/68 MP: 3/21
  9098 | D:8      | Reached skill level 1 in Shields
  9679 | D:9      | Noticed a cyclops
  9760 | D:9      | Reached skill level 5 in Shields
 10069 | D:9      | Reached *** piety under Kikubaaqudgha
 10069 | D:9      | Identified Kikubaaqudgha's Disquisition on Unholy Secrets
                  | (Kikubaaqudgha gifted it to you on level 9 of the Dungeon)
 10069 | D:9      | Received a gift from Kikubaaqudgha
 10178 | D:9      | Killed a cyclops
 10254 | D:9      | Noticed a two-headed ogre
 10267 | D:9      | Killed a two-headed ogre
 10450 | D:9      | Noticed a two-headed ogre
 10491 | D:9      | Killed a two-headed ogre
 10551 | D:10     | Entered Level 10 of the Dungeon
 10738 | D:10     | Noticed an unseen horror
 10747 | D:10     | Killed an unseen horror
 10747 | D:10     | Reached skill level 1 in Fighting
 10747 | D:10     | Reached skill level 1 in Armour
 10747 | D:10     | Reached skill level 1 in Evocations
 10931 | D:10     | Learned a level 5 spell: Dispel Undead
 10943 | D:10     | Reached XP level 12. HP: 52/80 MP: 16/22
 11012 | D:10     | Noticed a two-headed ogre
 11088 | D:10     | Killed a two-headed ogre
 11774 | D:11     | Found a gate leading to a gauntlet.
 11897 | D:11     | Reached **** piety under Kikubaaqudgha
 11911 | D:11     | Noticed a two-headed ogre
 11978 | D:11     | Found a staircase to the Orcish Mines.
 11999 | D:11     | Killed a two-headed ogre
 12012 | Gauntlet | Entered a Gauntlet
 12012 | Gauntlet | Found a transporter.
 12012 | Gauntlet | Noticed a death scarab
 12014 | Gauntlet | Noticed a death scarab
 12016 | Gauntlet | Found a transporter.
 12028 | Gauntlet | Found a transporter.
 12032 | Gauntlet | Found a transporter.
 12041 | Gauntlet | Noticed a death drake
 12042 | Gauntlet | Found a transporter.
 12062 | Gauntlet | Found a transporter.
 12075 | Gauntlet | Found a transporter.
 12075 | Gauntlet | Noticed a ghost crab
 12097 | Gauntlet | Found a transporter.
 12099 | Gauntlet | Found a transporter.
 12103 | Gauntlet | Found a runed translucent door.
 12107 | Gauntlet | Found a transporter.
 12115 | Gauntlet | Found a runed translucent door.
 12117 | Gauntlet | Noticed a cacodemon
 12135 | Gauntlet | Found a transporter.
 12137 | Gauntlet | Found a transporter.
 12211 | Gauntlet | Got a slimy long sword
 12213 | Gauntlet | Got a crude glass ring
 12213 | Gauntlet | Gained mutation: Your magical capacity is low. (-10% MP) [a
                  | cacodemon]
 12219 | Gauntlet | Gained mutation: Your body sometimes deteriorates upon
                  | taking damage. [a neqoxec]
 12221 | Gauntlet | Gained mutation: Scrolls take you a little longer to read.
                  | [a neqoxec]
 12226 | Gauntlet | Identified the ring "Meejya Vimp" {-Tele +Fly rN+ MR+++
                  | Str-2 Stlth+} (You found it in a Gauntlet)
 12227 | Gauntlet | Identified the cursed +3 long sword "Raxuiny" {flame, *Slow
                  | Int+7} (You found it in a Gauntlet)
 12230 | Gauntlet | Gained mutation: You are partially covered in large bone
                  | plates. (SH +4) [a cacodemon]
 12232 | Gauntlet | Gained mutation: Your magical capacity is very low. (-20%
                  | MP) [a neqoxec]
 12238 | Gauntlet | Slain by a cacodemon

Skill      XL: |  1  2  3  4  5  6  7  8  9 10 11 12 |
---------------+-------------------------------------+-----
Conjurations   | 1 2 3 4 5 6 |  6.0
Poison Magic   | 2 4 6 |  6.0
Fire Magic     | 1 3 4 5 |  5.0
Air Magic      | 1 2 3 5 |  5.0
Spellcasting   | 7 |  7.0
Necromancy     | 8 9 |  9.0
Shields        | 9 |  9.0
Fighting       | 2 3 |  3.8
Armour         | 2 3 |  3.8
Dodging        | 2 3 |  3.1
Evocations     | 2 3 |  3.9
Stealth        | |  2.4
Summonings     | |  1.0
Translocations | |  0.8

Action                   |  1- 3 |  4- 6 |  7- 9 | 10-12 || total
-------------------------+-------+-------+-------+-------++-------
Melee: Mace              |     9 |    69 |   121 |       ||   199
       Spear             |       |    27 |    68 |   201 ||   296
       Dagger            |       |       |   100 |   268 ||   368
       Unarmed           |       |       |    10 |       ||    10
       Long sword        |       |       |       |     3 ||     3
 Cast: Magic Dart        |    62 |    79 |    77 |    37 ||   255
       Mephitic Cloud    |       |    13 |    45 |    55 ||   113
       Conjure Flame     |       |     4 |    32 |    70 ||   106
       Dispel Undead     |       |       |       |     4 ||     4
       Sublimation of Bl |       |       |       |     1 ||     1
 Abil: Dig               |       |     3 |    22 |    22 ||    47
Evoke: Wand              |       |       |     1 |     4 ||     5
       Box of beasts     |       |       |       |     1 ||     1
  Use: Scroll            |       |     6 |     3 |     3 ||    12
       Potion            |       |       |     5 |     5 ||    10
 Stab: Confused          |       |     6 |    21 |    13 ||    40
       Sleeping          |       |     1 |       |       ||     1
  Eat: Chunk             |     1 |    10 |    16 |    17 ||    44
       Ration            |       |       |     1 |       ||     1
Armor: Leather armour    |    10 |    11 |       |       ||    21
       Robe              |       |     8 |    41 |       ||    49
       Skin              |       |       |     1 |    16 ||    17
       Ring mail         |       |       |       |    18 ||    18
       Troll leather arm |       |       |       |    27 ||    27
Dodge: Dodged            |     9 |    77 |   195 |   120 ||   401
Block: Other             |     3 |    10 |     4 |       ||    17
       Reflection        |       |       |     1 |       ||     1
       Shield            |       |       |    24 |    67 ||    91
